 Dungeon Crawl Stone Soup version 0.31.0-12-g77e489cdc1 (webtiles) character file.

Game seed: 12496785445058252197

1705 lordive the Placeless Spriggan (level 8, -5/40 HPs)
             Began as a Spriggan Warper on Feb 29, 2024.
             Was a Follower of Okawaru.
             Splashed by a jelly's acid (8 damage)
             ... on level 6 of the Dungeon.
             The game lasted 00:10:52 (5541 turns).

lordive the Placeless Spriggan (Spriggan Warper)    Turns: 5541, Time: 00:10:53

Health: -5/40      AC: -3    Str:  7    XL:     8   Next: 73%
Magic:  13/13      EV: 20    Int: 22    God:    Okawaru [*.....]
Gold:   213        SH:  0    Dex: 15    Spells: 1/12 levels left

rFire   . . .        h - +2 dagger (venom)
rCold   . . .        (no shield)
rNeg    . . .        b - +0 robe
rPois   .            n - +2 hat
rElec   .            s - +0 cloak
rCorr   .            (gloves unavailable)
SInv    +            (boots unavailable)
Will    +....        (no amulet)
Stlth   ++++         o - +6 ring of intelligence
HPRegen 0.26/turn    (no ring)
MPRegen 0.13/turn

%: no passive effects
@: corroded, very quick
A: very small, no large weapons, unfitting armour, see invisible, speed 3
a: Renounce Religion, Heroism


You were on level 6 of the Dungeon.
You worshipped Okawaru.
Okawaru was aware of your devotion.
You visited 2 branches of the dungeon, and saw 7 of its levels.

You collected 213 gold pieces.

Inventory:

Hand Weapons
 h - a +2 dagger of venom (weapon)
 u - a +3 dagger of speed
 w - a +1 dagger of protection
Missiles
 d - 7 darts of dispersal (quivered)
 p - 15 poisoned darts
Armour
 b - a +0 robe (worn)
 n - a +2 hat (worn)
 s - a +0 cloak (worn)
Magical Staves
 j - a staff of conjuration
Jewellery
 o - a +6 ring of intelligence (left hand)
 v - a ring of magical power
 y - a ring of positive energy
Scrolls
 a - 2 scrolls of immolation {unknown}
 c - 2 scrolls of blinking
 e - 2 scrolls of enchant weapon {unknown}
 f - 5 scrolls of poison {unknown}
 g - a scroll of enchant armour {unknown}
 i - 5 scrolls of identify {unknown}
 t - 2 scrolls of amnesia {unknown}
 x - a scroll of butterflies {unknown}
 z - a scroll of revelation {unknown}
Potions
 k - a potion of lignification {unknown}
 l - 3 potions of heal wounds
 m - a potion of curing {unknown}
 q - a potion of haste {unknown}
 r - a potion of mutation {unknown}


   Skills:
 + Level 3.4 Fighting
 + Level 5.8 Short Blades
 + Level 1.0 Throwing
 + Level 7.0 Dodging
 + Level 8.4 Stealth
 + Level 2.9 Spellcasting
 * Level 8.9 Translocations
 * Level 1.2 Invocations


You had one spell level left.
You knew the following spells:

 Your Spells              Type           Power      Damage    Failure   Level
a - Blink                 Tloc           84%        N/A       1%          2
b - Teleport Other        Tloc           42%        N/A       1%          3
c - Manifold Assault      Tloc           42%        N/A       3%          4
d - Lesser Beckoning      Tloc           84%        N/A       1%          2

Your spell library contained the following spells:

 Spells                   Type           Power      Damage    Failure   Level
 Magic Dart               Conj           12%        1d3       13%         1
 Volatile Blastmotes      Fire/Tloc      44%        2d13      6%          3
 Vhi's Electric Charge    Tloc/Air       44%        N/A       21%         4
 Dazzling Flash           Conj/Hex       6%         N/A       36%         3
 Starburst                Conj/Fire      1%         6d3       100%        6
 Maxwell's Capacitive Co  Air            1%         ∞         100%        8
 Call Imp                 Summ           Unusable   N/A       N/A         2

Dungeon Overview and Level Annotations

Branches:
Dungeon (6/15)             Temple (1/1) D:4

Altars:
Cheibriados
Dithmenos
Elyvilon
Fedhas
Gozag
Hepliaklqana
Makhleb
Nemelex Xobeh
Okawaru
Qazlal
Ru
Sif Muna
Trog
Uskayaw
Vehumet
Wu Jian
Xom
Yredelemnul
Zin
The Shining One


Innate Abilities, Weirdness & Mutations

You are very small and have problems with some larger weapons.
You are too small for most types of armour.
You have supernaturally acute eyesight. (SInv)
You cover ground extremely quickly. (Speed+++)


Message History

There is an open door here.
The jelly misses you.
You hit the jelly.
Your hands burn!
The jelly is lightly wounded.
You hit the jelly.
Your hands burn!
The jelly is moderately wounded.
The jelly closely misses you.
You hit the jelly.
Your hands burn!
The jelly is heavily wounded.
You completely miss the jelly.
The jelly is heavily wounded.
The jelly barely misses you.
You hit the jelly.
Your hands burn!
The jelly is severely wounded.
You hit the jelly. The acid corrodes you!
Your hands burn!
The jelly is almost dead.
The orc barely misses you. The orc misses you. The jelly hits you.
The acid corrodes you!
You are splashed with acid!
You are too injured to fight recklessly!
You are too injured to fight recklessly!
The orc attacks as it pursues you! The orc closely misses you.
The orc attacks as it pursues you! The orc misses you.
There is an open door here.
Your +2 dagger of venom begins to drip with poison!
h - a +2 dagger of venom (weapon)
You barely miss the orc. You hit the orc but do no damage.
The orc is poisoned.
You hit the jelly but do no damage.
The jelly is poisoned.
Your hands burn!
The jelly is almost dead.
The orc hits you with a +0 hand axe.
* * * LOW HITPOINT WARNING * * *
The jelly misses you.
You hit the jelly but do no damage.
The jelly looks even sicker.
Your hands burn!
* * * LOW HITPOINT WARNING * * *
The jelly is almost dead.
The orc misses you. The jelly hits you.
* * * LOW HITPOINT WARNING * * *
You are splashed with acid!
You die...

..##..##.#.#
..##..##.#.###
......##.#.#.##
#........#.#..##
#####.####.'...## #<#
#.#....####+### #.#
#.#.....#.....#
##.####.##....#..)..#
#.......###..@Jo:.$.+
##.####.# ##.o#..)..#
### #.# ##.#.....#
#.# #####+### ..+ ..#
..# .#.#


You could see a jelly (very poisoned) and 2 orcs.

Vanquished Creatures
  Prince Ribbit (D:6)
  An ice beast (D:5)
  A sky beast (D:5)
  5 ogres
  A bullfrog (D:6)
  3 scorpions
  A wight (D:6)
  A bombardier beetle (D:4)
  A gnoll bouda (D:5)
  5 hounds
  A jelly (D:6)
  2 orc priests (D:4)
  Crazy Yiuf (D:3)
  3 iguanas
  Robin (D:3)
  6 adders
  4 gnolls (D:5)
  A white imp (D:4)
  3 dart slugs
  A ribbon worm (D:3)
  2 orcs
  5 bats
  An endoplasm (D:2)
  2 giant cockroaches
  22 goblins
  6 hobgoblins
  13 jackals
  9 kobolds
  4 quokkas
  8 ball pythons
  A frilled lizard (D:2)
  6 rats
122 creatures vanquished.

Notes
Turn   | Place    | Note
-------+----------+-------------------------------------------
     0 | D:1      | lordive the Spriggan Warper began the quest for the Orb.
     0 | D:1      | Reached XP level 1. HP: 10/10 MP: 5/5
   315 | D:1      | Reached skill level 5 in Translocations
   315 | D:1      | Reached XP level 2. HP: 13/15 MP: 6/6
   558 | D:1      | Found a faded altar of an unknown god.
   758 | D:1      | Reached XP level 3. HP: 16/18 MP: 8/8
  1060 | D:2      | Reached skill level 1 in Stealth
  1635 | D:3      | Found a runed translucent door.
  1636 | D:3      | Noticed Crazy Yiuf
  1685 | D:3      | Noticed Robin
  1690 | D:3      | Reached XP level 4. HP: 20/23 MP: 9/9
  1858 | D:3      | Killed Robin
  2172 | D:3      | Found a glowing silver altar of Zin.
  2561 | D:3      | Learned a level 2 spell: Blink
  2565 | D:3      | Learned a level 3 spell: Teleport Other
  2596 | D:3      | Killed Crazy Yiuf
  2597 | D:3      | Reached XP level 5. HP: 18/26 MP: 10/10
  2763 | D:4      | Noticed an ogre
  2768 | D:4      | HP: 1/26 [ogre/+0 giant club (25)]
  2784 | D:4      | Killed an ogre
  2785 | D:4      | Reached XP level 6. HP: 3/31 MP: 11/11
  3017 | D:4      | Reached skill level 5 in Dodging
  3385 | D:4      | Found a staircase to the Ecumenical Temple.
  3391 | Temple   | Entered the Ecumenical Temple
  3401 | Temple   | Became a worshipper of Warmaster Okawaru
  3643 | D:4      | Found a snail-covered altar of Cheibriados.
  3643 | D:4      | Found a sacrificial altar of Ru.
  3817 | D:5      | Entered Level 5 of the Dungeon
  3847 | D:5      | Reached XP level 7. HP: 35/35 MP: 12/12
  3971 | D:5      | Reached skill level 5 in Stealth
  4002 | D:5      | Learned a level 4 spell: Manifold Assault
  4005 | D:5      | Learned a level 2 spell: Lesser Beckoning
  4317 | D:5      | Reached * piety under Okawaru
  4380 | D:5      | Reached XP level 8. HP: 39/40 MP: 13/13
  4805 | D:5      | Reached skill level 5 in Short Blades
  5251 | D:6      | Noticed Prince Ribbit
  5265 | D:6      | Killed Prince Ribbit
  5266 | D:6      | Reached skill level 1 in Invocations
  5541 | D:6      | Splashed by a jelly's acid

Illustrated notes

Levels and vault maps discovered:
D:1:      dpeg_arrival_brainrot, layout_basic,
          dreamdust_ecumenical_altar_sealed_demon, minmay_pentomino_u4
D:2:      layout_rooms, minmay_misc_feat_hallway, roderic_serpentine_path
D:3:      layout_basic, zin_treasury, dreamdust_princess_corridor,
          uniq_crazy_yiuf_cottage, uniq_robin
D:4:      layout_basic, gammafunk_temple_overflow_elements, temple_statues,
          minmay_quantized
D:5:      layout_gridville
D:6:      layout_loops_corners, nicolae_overflow_hidden_temple,
          minmay_hedge_maze, minmay_misc_feat_diagonals, minmay_quadrilaterals,
          uniq_prince_ribbit1
Temple:   sentei_temple_godly_chess

Skill      XL: |  1  2  3  4  5  6  7  8 |
---------------+-------------------------+-----
Translocations | 5 6 7 8 |  8.9
Stealth        | 1 2 3 4 6 8 |  8.4
Fighting       | 2 3 |  3.4
Short Blades   | 3 4 5 |  5.8
Dodging        | 4 5 6 7 |  7.0
Invocations    | 1 |  1.2
Throwing       | |  1.0
Spellcasting   | |  2.9

Action                     |  1- 3 |  4- 6 |  7- 9 || total
---------------------------+-------+-------+-------++-------
  Melee: Short sword       |   220 |    31 |       ||   251
         Punch             |     3 |     1 |       ||     4
         Dagger            |       |   150 |   148 ||   298
 Invoke: Heroism           |       |       |     1 ||     1
    Use: Potion            |       |     2 |       ||     2
   Stab: Sleeping          |     4 |     8 |     7 ||    19
         Distracted        |     1 |       |     1 ||     2
 Armour: Robe              |    51 |    54 |    36 ||   141
  Dodge: Dodged            |   150 |   119 |    80 ||   349
